 Dungeon Crawl Stone Soup version 0.30-a0-578-gdee14c521f (webtiles) character file.

Game seed: 12880007999586334048

4566 Newt the Chopper (level 10, 0/68 HPs)
             Began as a Demonspawn Gladiator on Dec 31, 2022.
             Was a Follower of Hepliaklqana.
             Killed from afar by a lindwurm (24 damage)
             ... with a blast of flame
             ... on level 8 of the Dungeon.
             The game lasted 00:09:01 (7237 turns).

Newt the Chopper (Demonspawn Gladiator)             Turns: 7237, Time: 00:09:01

Health: 0/68       AC: 15    Str: 20    XL:     10   Next: 18%
Magic:  0/10       EV: 12    Int:  9    God:    Hepliaklqana [*.....]
Gold:   407        SH: 10    Dex: 20    Spells: 9/9 levels left

rFire   . . .      SeeInvis .    D - +1 war axe (vamp)
rCold   . . .      Faith    .    r - +0 kite shield
rNeg    . . .      Spirit   +    z - +3 leather armour
rPois   .          Reflect  .    c - +1 helmet
rElec   .          Harm     .    (no cloak)
rCorr   .          Rampage  .    E - +2 pair of gloves
Will    .....                    v - +0 pair of boots
Stlth   ++                       (no amulet)
HPRegen 0.31/turn                F - +6 ring of dexterity
MPRegen 0.24/turn                (no ring)

@: flying
A: reduced essence, spiny 2, magic shield, magic regeneration, sharp scales 2,
weakness stinger 2
a: Renounce Religion, Recall Ancestor, Ancestor Identity


You were on level 8 of the Dungeon.
You worshipped Hepliaklqana.
Hepliaklqana was aware of your devotion.
You visited 2 branches of the dungeon, and saw 9 of its levels.

You collected 407 gold pieces.

Inventory:

Hand Weapons
 a - a +0 rapier
 g - a +1 short sword of venom
 h - a +3 hand axe
 y - the +7 dagger "Xeniom" {flame, rPois Will+ Int+4 Dex+4}
   (You found it on level 5 of the Dungeon)

   It burns those it strikes, dealing additional fire damage.
   Int:       It affects your intelligence (+4).
   Dex:       It affects your dexterity (+4).
   rPois:     It protects you from poison.
   Will:      It increases your willpower.
 D - a +1 vampiric war axe (weapon)
Missiles
 d - 2 throwing nets (quivered)
 e - 4 javelins
Armour
 b - a +0 leather armour
 c - a +1 helmet (worn)
 r - a +0 kite shield (worn)
 v - a +0 pair of boots (worn)
 z - a +3 leather armour (worn)
 E - a +2 pair of gloves (worn)
Jewellery
 F - a +6 ring of dexterity (left hand)
Wands
 u - a wand of flame (18)
Scrolls
 f - 2 scrolls of blinking
 l - 6 scrolls of identify
 q - a scroll of magic mapping
 s - 2 scrolls of enchant armour
 t - a scroll of amnesia
 w - 3 scrolls of teleportation
 C - a scroll of fog
Potions
 i - 4 potions of lignification
 j - 3 potions of curing
 k - a potion of attraction
 m - 2 potions of might
 n - 2 potions of magic
 o - 4 potions of haste
 p - a potion of heal wounds
 A - 2 potions of ambrosia
 B - a potion of brilliance


   Skills:
 - Level 6.0 Fighting
 - Level 2.6 Short Blades
 - Level 7.0 Axes
 - Level 1.7 Throwing
 - Level 7.0 Armour
 - Level 4.0 Dodging
 - Level 2.0 Stealth
 + Level 4.7 Shields
 - Level 5.0 Evocations


You had 9 spell levels left.
You didn't know any spells.
Your spell library contained the following spells:

 Spells                   Type           Power      Damage    Failure   Level
 Foxfire                  Conj/Fire      0%         2x1d4     80%         1
 Blink                    Tloc           0%         N/A       90%         2
 Momentum Strike          Conj/Tloc      0%         3d8       90%         2
 Sublimation of Blood     Necr           0%         N/A       90%         2
 Lesser Beckoning         Tloc           0%         N/A       99%         3
 Tukima's Dance           Hex            0%         N/A       99%         3
 Passage of Golubria      Tloc           0%         N/A       100%        4
 Petrify                  Tmut/Erth      0%         N/A       100%        4
 Summon Ice Beast         Ice/Summ       0%         N/A       100%        4
 Fireball                 Conj/Fire      0%         3d3       100%        5
 Irradiate                Conj/Tmut      0%         3d11      100%        5
 Summon Mana Viper        Hex/Summ       0%         N/A       100%        5
 Yara's Violent Unravell  Hex/Tmut       0%         3d3       100%        5
 Starburst                Conj/Fire      0%         6d3       100%        6
 Monstrous Menagerie      Summ           0%         N/A       100%        7


Dungeon Overview and Level Annotations

Branches:
Dungeon (8/15)             Temple (1/1) D:4
   Lair: D:8-11

Altars:
Ashenzari
Cheibriados
Dithmenos
Fedhas
Gozag
Hepliaklqana
Kikubaaqudgha
Makhleb
Nemelex Xobeh
Okawaru
Qazlal
Ru
Sif Muna
Trog
Uskayaw
Vehumet
Wu Jian
Xom
Yredelemnul

Shops:
D:3 :

Annotations:
D:4 2 transporters, brody1818's ghost, amateur GrCK


Innate Abilities, Weirdness & Mutations

Your life essence is reduced to manifest your ancestor. (-10% HP)
You are mostly covered in sharp spines.
When hurt, damage is shared between your health and your magic reserves.
You regenerate magic rapidly.
You are mostly covered in razor-sharp scales. (AC +2, Slay +2)
You have a tail ending in a sharp stinger.


Message History

You hit the scorpion. You completely miss something.
A nearby fungus withers and dies.
The scorpion is struck by your spines.
You kill the scorpion!
A sky beast appears from thin air!
Reactivating autopickup.
The sky beast is struck by your spines.
The sky beast hits you but does no damage.
The black bear goes berserk!
You slash the black bear!
You kill the black bear!
You slash the sky beast! The sky beast is struck by your spines.
You kill the sky beast!
The scorpion stings the fungus!
The fungus begins to die.
You slash the scorpion! You tail-slap the scorpion.
The scorpion is almost dead.
You slash the fungus! You block the scorpion's attack.
The scorpion stings you but does no damage.
You slice the scorpion!!
You kill the scorpion!
You slash the fungus!
A nearby fungus withers and dies.
No target in view!
No target in view!
You enter the shallow water.
Moving in this stuff is going to be slow.
You see here a sky beast corpse.
You feel very buoyant.
You fly up into the air.
Eshargamelat emerges from the mists of memory!
You swap places.
The lindwurm breathes flames at you. The blast of flame hits you.
You hear a roar!
The lindwurm breathes flames at you. The blast of flame hits you!!!
Ouch! That really hurt!
The blast of flame hits Eshargamelat!
Eshargamelat resists.
The lindwurm breathes flames at you. The blast of flame hits you!!
You die...

...##..≈§≈§≈..##
#..≈≈≈≈≈........
..)....≈≈≈§..#."
#.§§≈§§....#.##
......≈≈≈≈≈.##k?
##.≈≈§≈≈...#.# ..##.§§≈≈≈≈.#
##.≈≈≈§≈..##.# ...[..§≈≈≈≈..#
#..≈≈≈≈...##.#
..###..≈≈≈≈§..#
#..≈≈≈≈§§§.##.## .##
#..≈≈≈≈≈...##...§≈§≈≈........
#
....≈§≈≈≈≈..kk≈≈§§§≈...###.##
....≈≈≈≈≈≈≈§@≈≈≈§≈≈≈.†.......
#...≈≈≈≈≈≈§§R≈≈§≈≈.§...##.##
.#....§§≈≈≈≈§≈≈≈≈≈....####.#
........≈≈≈≈≈§≈≈.............
...........§≈.........####.##
#......§.§..........####.#
#.....>..§................
#.####.##.##....#...####.#
##..............#


You could see the friendly Eshargamelat the ancestor and 2 lindwurms.

Vanquished Creatures
  Pikel (D:8)
  A wyvern (D:7)
  4 yaks (D:5)
  A water moccasin (D:7)
  3 sky beasts
  An ice beast (D:5)
  An orc warrior (D:8)
  2 black bears
  3 centaurs
  2 ogres (D:5)
  A lemure (D:8)
  3 phantoms
  2 kobold brigands
  3 bullfrogs
  4 scorpions
  A necrophage (D:5)
  11 wights
  4 killer bees (D:8)
  Crazy Yiuf (D:2)
  A gnoll bouda (D:6)
  A hound (D:6)
  3 jellies
  4 orc priests (D:4)
  Ijyb (D:4)
  An iguana (D:7)
  3 orc wizards
  5 gnolls (D:6)
  6 adders
  A shadow imp (D:7)
  2 white imps
  2 worms
  3 dart slugs
  12 orcs
  10 ball pythons
  5 endoplasms
  2 giant cockroaches
  5 hobgoblins
  5 jackals
  9 kobolds
  2 quokkas
  8 bats
  2 frilled lizards
  6 goblins
  3 rats
151 creatures vanquished.

Vanquished Creatures (collateral kills)
  An orc wizard (D:8)
1 creature vanquished.

Vanquished Creatures (others)
  2 ancestors (D:8)
  5 fungi (D:8)
  2 plants (D:8)
9 creatures vanquished.

Grand Total: 161 creatures vanquished

Notes
Turn   | Place    | Note
-------+----------+-------------------------------------------
     0 | D:1      | Newt the Demonspawn Gladiator began the quest for the Orb.
     0 | D:1      | Reached XP level 1. HP: 16/16 MP: 1/1
    78 | D:1      | Reached skill level 1 in Stealth
    95 | D:1      | Gained mutation: You regenerate magic rapidly. [demonic
                  | ancestry]
    95 | D:1      | Reached XP level 2. HP: 14/22 MP: 2/2
   931 | D:2      | Gained mutation: You are partially covered in sharp spines.
                  | [demonic ancestry]
   931 | D:2      | Reached XP level 3. HP: 17/28 MP: 3/3
  1839 | D:2      | Found a runed translucent door.
  1840 | D:2      | Noticed Crazy Yiuf
  1964 | D:2      | Killed Crazy Yiuf
  1965 | D:2      | Gained mutation: You have a small tail. [demonic ancestry]
  1965 | D:2      | Reached XP level 4. HP: 6/37 MP: 4/4
  2401 | D:3      | Found Tiddajea's Vocational Training.
  2411 | D:3      | Reached skill level 1 in Axes
  2658 | D:4      | Found an ancient bone altar of Kikubaaqudgha.
  2665 | D:4      | Found a stormy altar of Qazlal.
  2666 | D:4      | Found a sacrificial altar of Ru.
  2666 | D:4      | Found a snail-covered altar of Cheibriados.
  2666 | D:4      | Found a bloodstained altar of Trog.
  2947 | D:4      | Gained mutation: You are partially covered in razor-sharp
                  | scales. (AC +1, Slay +1) [demonic ancestry]
  2947 | D:4      | Reached XP level 5. HP: 40/42 MP: 5/5
  3470 | D:4      | Found a sparkling altar of Nemelex Xobeh.
  3557 | D:4      | Found a staircase to the Ecumenical Temple.
  3567 | D:4      | Reached skill level 1 in Armour
  3567 | D:4      | Reached XP level 6. HP: 34/48 MP: 6/6
  3576 | Temple   | Entered the Ecumenical Temple
  3690 | Temple   | Became a worshipper of Hepliaklqana the Forgotten
  3729 | D:4      | Found a transporter.
  3732 | D:4      | Found a transporter.
  3738 | D:4      | Noticed brody1818's ghost (amateur GrCK)
  3742 | D:4      | Identified the +7 great mace of Honesty {pain, rC+}
  3770 | D:4      | Noticed Ijyb
  3779 | D:4      | Killed Ijyb
  4036 | D:5      | Entered Level 5 of the Dungeon
  4098 | D:5      | Gained mutation: You are mostly covered in razor-sharp
                  | scales. (AC +2, Slay +2) [demonic ancestry]
  4098 | D:5      | Reached XP level 7. HP: 35/54 MP: 7/7
  4184 | D:5      | Noticed a yak
  4184 | D:5      | Noticed a yak
  4185 | D:5      | Noticed a yak
  4185 | D:5      | Noticed a yak
  4198 | D:5      | Killed a yak
  4211 | D:5      | Killed a yak
  4216 | D:5      | Killed a yak
  4217 | D:5      | Reached skill level 5 in Axes
  4217 | D:5      | Reached skill level 1 in Shields
  4217 | D:5      | Gained mutation: You have a tail ending in a sharp stinger.
                  | [demonic ancestry]
  4217 | D:5      | Reached XP level 8. HP: 29/60 MP: 8/8
  5050 | D:5      | Identified the +7 dagger "Xeniom" {flame, rPois Will+ Int+4
                  | Dex+4}
  5518 | D:6      | Reached skill level 5 in Evocations
  5705 | D:6      | Gained mutation: You are mostly covered in sharp spines.
                  | [demonic ancestry]
  5705 | D:6      | Reached XP level 9. HP: 67/67 MP: 9/9
  5786 | D:6      | Reached skill level 5 in Fighting
  5996 | D:7      | Found an opulent altar of Gozag.
  6365 | D:7      | Found a shimmering blue altar of Sif Muna.
  6539 | D:7      | Reached * piety under Hepliaklqana
  6842 | D:7      | Reached skill level 5 in Armour
  7086 | D:8      | Noticed Pikel
  7096 | D:8      | Killed Pikel
  7097 | D:8      | Gained mutation: When hurt, damage is shared between your
                  | health and your magic reserves. [demonic ancestry]
  7097 | D:8      | Reached XP level 10. HP: 66/68 MP: 10/10
  7115 | D:8      | Noticed a lindwurm
  7159 | D:8      | Noticed a lindwurm
  7161 | D:8      | Noticed a lindwurm
  7163 | D:8      | Noticed a lindwurm
  7237 | D:8      | Killed from afar by a lindwurm

Illustrated notes

Levels and vault maps discovered:
D:1:      dpeg_arrival_renting, layout_basic, st_stairs_1, patterned_corridor
D:2:      layout_basic, uniq_crazy_yiuf_cottage
D:3:      layout_rooms, mrwooster_statue_mirror, nicolae_shop_vocational
D:4:      layout_loops_ring, amethyst_overflow_temple_binary,
          grunt_temple_overflow_open, minmay_temple_entry_grid,
          gammafunk_ghost_smash, uniq_ijyb
D:5:      layout_loops_cross
D:6:      layout_loops_cross, dk_noncrumbling_3, kennysheep_crisscross
D:7:      layout_rooms, lemuel_tele_altar, nicolae_sif_muna_condensation
D:8:      layout_basic, grunt_lair_entry_orc_guard_hut, minmay_lindwurm_lava,
          uniq_joseph, uniq_pikel, uniq_gastronok
Temple:   compressed_dpeg_triangle_lava_temple

Skill      XL: |  1  2  3  4  5  6  7  8  9 10 |
---------------+-------------------------------+-----
Stealth        | 1 2 |  2.0
Fighting       | 4 6 |  6.0
Axes           | 2 5 7 |  7.0
Dodging        | 4 |  4.0
Armour         | 1 4 6 7 |  7.0
Shields        | 1 4 |  4.7
Evocations     | 5 |  5.0
Short Blades   | |  2.6
Throwing       | |  1.7

Action                   |  1- 3 |  4- 6 |  7- 9 | 10-12 || total
-------------------------+-------+-------+-------+-------++-------
Melee: Rapier            |    12 |       |       |       ||    12
       Short sword       |    83 |    73 |       |       ||   156
       Tailslap          |       |    16 |    34 |     5 ||    55
       Punch             |       |     1 |       |       ||     1
       Hand axe          |       |    28 |   177 |       ||   205
       War axe           |       |       |    20 |    30 ||    50
Throw: Throwing net      |     1 |       |       |       ||     1
       Javelin           |       |       |     3 |       ||     3
  Use: Scroll            |     7 |     6 |     2 |     3 ||    18
       Potion            |       |       |       |     1 ||     1
 Stab: Sleeping          |     4 |     1 |     4 |       ||     9
Armor: Leather armour    |    30 |    25 |    52 |    13 ||   120
Dodge: Dodged            |    34 |    46 |    93 |    19 ||   192
Block: Kite shield       |       |    15 |    92 |    29 ||   136

Table legend: (Time is in decaauts)
 A = Elapsed time spent in this place.
 B = Non-inter-level travel time spent in this place.
 C = Inter-level travel time spent in this place.
 D = Time resting spent in this place.
 E = Time spent auto-exploring this place.
 F = Levels seen in this place.
 G = Mean time per level.
                   A        B        C        D        E       F      G
               +--------+--------+--------+--------+--------+-----+--------+
         Total |   7284 |   7109 |    175 |   1160 |   4803 |   9 |  809.3 |
       Dungeon |   7160 |   7005 |    155 |   1160 |   4715 |   8 |  895.0 |
        Temple |    123 |    103 |     20 |      0 |     88 |   1 |  123.0 |
               +--------+--------+--------+--------+--------+-----+--------+

Top non-repeatable levels by time:
     D:2: 1360 daAuts
     D:5: 1126 daAuts
     D:4: 1090 daAuts
     D:7: 1072 daAuts
     D:1: 896 daAuts
     D:6: 822 daAuts
     D:3: 551 daAuts
     D:8: 238 daAuts
  Temple: 123 daAuts
